[Event "AUT Bundesliga 2019-20"]
[Site "Linz"]
[Date "2019.10.10"]
[Round "1.1"]
[White "Hera, Imre Jr."]
[Black "Jovanovic, Dusan D"]
[Result "1-0"]
[ECO "A00"]
[WhiteElo "2610"]
[BlackElo "2418"]
[Annotator "ChessBase"]
[PlyCount "77"]
[EventDate "2019.10.10"]
[EventType "team-tourn"]
[EventCountry "AUT"]
[SourceTitle "playchess.com"]
[Source "ChessBase"]
[SourceQuality "1"]
[TimeControl "40/5400+30:1800+30"]

1. g3 Nf6 2. Bg2 e6 3. d3 d5 4. Nd2 Nbd7 5. e4 dxe4 6. dxe4 Bc5 7. Ngf3 e5 8. O-O O-O 9. Nh4 g6 10. Nb3 Be7 11. Qe2 Ne8 12. Nf3 Bd6 13. Na5 Nb6 14. Bh6 Ng7 15. Nd2 Re8 16. Rad1 Bf8 17. c3 c6 18. b4 Qc7 19. f4 exf4 20. gxf4 Be6 21. a3 f5 22. c4 Rad8 23. e5 Na4 24. Rc1 Rd7 25. Nf3 Be7 26. Ng5 Red8 27. Nb3 Rd3 28. Nxe6 Nxe6 29. Bd5 R3xd5 30. cxd5 Rxd5 31. Rfd1 Nb6 32. Rxd5 Nxd5 33. Qf2 Qb8 34. Nd4 Nxd4 35. Qxd4 Bd8 36. Kh1 Kf7 37. b5 Be7 38. bxc6 bxc6 39. e6+ 1-0

[Event "AUT Bundesliga 2019-20"]
[Site "Linz"]
[Date "2019.10.10"]
[Round "1.1"]
[White "Michalik, Peter"]
[Black "Kunin, Vitaly"]
[Result "1-0"]
[ECO "D21"]
[WhiteElo "2578"]
[BlackElo "2551"]
[Annotator "ChessBase"]
[PlyCount "80"]
[EventDate "2019.10.10"]
[EventType "team-tourn"]
[EventCountry "AUT"]
[SourceTitle "playchess.com"]
[Source "ChessBase"]
[SourceQuality "1"]
[TimeControl "40/5400+30:1800+30"]

1. d4 d5 2. c4 dxc4 3. Nf3 a6 4. e3 Bg4 5. Bxc4 e6 6. Nc3 Nc6 7. O-O Nf6 8. b3 Bd6 9. Bb2 O-O 10. Be2 Qe7 11. h3 Bh5 12. Nd2 Bg6 13. Bf3 Rfd8 14. Nce4 Nxe4 15. Nxe4 Nb4 16. Nxd6 cxd6 17. d5 Nd3 18. Ba3 exd5 19. Be2 Nc5 20. Qxd5 Be4 21. Qd4 Qg5 22. g3 Bc6 23. h4 Qg6 24. Qg4 Qf6 25. Rab1 Nd7 26. Qf4 Qe6 27. Kh2 Ne5 28. Rbd1 Bb5 29. Rfe1 h6 30. Bb2 Rac8 31. Bxb5 axb5 32. Re2 f6 33. Kg2 g5 34. Qd4 Rc5 35. f4 Qg4 36. Rf2 gxf4 37. exf4 Nd7 38. Qxd6 Qf5 39. Qe7 Rcc8 40. Rfd2 Qg4 1-0

[Event "AUT Bundesliga 2019-20"]
[Site "Linz"]
[Date "2019.10.10"]
[Round "1.2"]
[White "Juhasz, Kristof"]
[Black "Korpa, Bence"]
[Result "1/2-1/2"]
[ECO "D41"]
[WhiteElo "2438"]
[BlackElo "2560"]
[Annotator "ChessBase"]
[PlyCount "61"]
[EventDate "2019.10.10"]
[EventType "team-tourn"]
[EventCountry "AUT"]
[SourceTitle "playchess.com"]
[Source "ChessBase"]
[SourceQuality "1"]
[TimeControl "40/5400+30:1800+30"]

1. d4 Nf6 2. c4 e6 3. Nf3 d5 4. Nc3 c5 5. cxd5 Nxd5 6. g3 Nxc3 7. bxc3 cxd4 8. cxd4 Bb4+ 9. Bd2 Bxd2+ 10. Qxd2 b6 11. Bg2 Bb7 12. O-O O-O 13. a4 a5 14. Rfc1 Nd7 15. Qb2 Rc8 16. Rxc8 Qxc8 17. Rc1 Qb8 18. Qb5 Rd8 19. Nd2 h6 20. e3 Rc8 21. Rxc8+ Qxc8 22. Bxb7 Qxb7 23. Nc4 Qd5 24. Qxd5 exd5 25. Nd6 Kf8 26. Kf1 Ke7 27. Nf5+ Kf6 28. Nd6 Ke7 29. Nf5+ Kf6 30. Nd6 Ke7 31. Nf5+ 1/2-1/2

[Event "AUT Bundesliga 2019-20"]
[Site "Linz"]
[Date "2019.10.10"]
[Round "1.2"]
[White "Sergeev, Vladimir"]
[Black "Votava, Jan"]
[Result "1/2-1/2"]
[ECO "A46"]
[WhiteElo "2395"]
[BlackElo "2521"]
[Annotator "ChessBase"]
[PlyCount "69"]
[EventDate "2019.10.10"]
[EventType "team-tourn"]
[EventCountry "AUT"]
[SourceTitle "playchess.com"]
[Source "ChessBase"]
[SourceQuality "1"]
[TimeControl "40/5400+30:1800+30"]

1. d4 Nf6 2. Nf3 d5 3. c3 e6 4. Bg5 h6 5. Bh4 Be7 6. Nbd2 b6 7. e3 Bb7 8. Ne5 Nfd7 9. Bxe7 Qxe7 10. Ndf3 O-O 11. Bd3 Nxe5 12. Nxe5 Nc6 13. Nxc6 Bxc6 14. Qh5 f5 15. f4 Be8 16. Qh3 c5 17. g4 Bg6 18. Qg3 Qf7 19. Rg1 cxd4 20. cxd4 Rac8 21. g5 h5 22. Rg2 Qe7 23. a3 Rc7 24. Rc2 Rxc2 25. Bxc2 Rc8 26. Qf2 Be8 27. Bd3 g6 28. Qd2 Kf7 29. Rc1 Rc7 30. Rc3 Qd6 31. Qc2 Rxc3 32. Qxc3 Bd7 33. Kd2 Ke7 34. h4 Kd8 35. Be2 1/2-1/2

[Event "AUT Bundesliga 2019-20"]
[Site "Linz"]
[Date "2019.10.10"]
[Round "1.2"]
[White "Walter, Stefan"]
[Black "Handler, Lukas"]
[Result "1-0"]
[ECO "D38"]
[WhiteElo "2394"]
[BlackElo "2420"]
[Annotator "NA"]
[PlyCount "125"]
[EventDate "2019.10.10"]
[EventType "team-tourn"]
[EventCountry "AUT"]
[SourceTitle "playchess.com"]
[Source "ChessBase"]
[SourceQuality "1"]
[TimeControl "40/5400+30:1800+30"]

1. d4 d5 2. c4 e6 3. Nc3 Bb4 4. Nf3 Nf6 5. Qa4+ Nc6 6. Ne5 Bd7 7. Nxd7 Qxd7 8. e3 O-O 9. a3 Bxc3+ 10. bxc3 a6 11. cxd5 exd5 12. Be2 Rfe8 13. c4 Qf5 14. cxd5 Qxd5 15. O-O Nxd4 16. Bc4 Qc6 17. Bxf7+ Kxf7 18. Qxd4 Rad8 19. Qb2 Ng4 20. Qe2 Ne5 21. Bb2 Nc4 22. Rac1 b5 23. Qg4 Qg6 24. Rxc4 bxc4 25. Qxc4+ Kf8 26. Bd4 Qe6 27. Qxc7 Rd7 28. Qc5+ Kg8 29. h3 Rd5 30. Qc7 Rd7 31. Qc3 Rf7 32. Rc1 Qf5 33. f3 h6 34. Qc4 Qe6 35. Qd3 Rc8 36. Rb1 Qc4 37. Qxc4 Rxc4 38. Rb6 Ra4 39. Bc5 Rc4 40. Bd4 Ra4 41. Rb3 Rc7 42. f4 Ra5 43. Kf2 g5 44. Kf3 Kf7 45. Rb6 gxf4 46. Rxh6 Rc2 47. Rf6+ Ke7 48. Rxf4 Rxa3 49. h4 Raa2 50. Re4+ Kf7 51. g4 Rf2+ 52. Kg3 a5 53. h5 a4 54. Re5 a3 55. Ra5 Rg2+ 56. Kf4 Raf2+ 57. Kg5 Rf3 58. h6 Rfg3 59. h7 Rxg4+ 60. Kf5 Rg5+ 61. Ke4 R2g4+ 62. Kf3 Rxd4 63. Ra7+ {[%emt 0:01:01] Re4 Kxe4+} 1-0

[Event "AUT Bundesliga 2019-20"]
[Site "Linz"]
[Date "2019.10.10"]
[Round "1.3"]
[White "Ruck, Robert"]
[Black "Juhasz, Armin"]
[Result "1/2-1/2"]
[ECO "A06"]
[WhiteElo "2530"]
[BlackElo "2387"]
[Annotator "ChessBase"]
[PlyCount "62"]
[EventDate "2019.10.10"]
[EventType "team-tourn"]
[EventCountry "AUT"]
[SourceTitle "playchess.com"]
[Source "ChessBase"]
[SourceQuality "1"]
[TimeControl "40/5400+30:1800+30"]

1. Nf3 d5 2. g3 g6 3. c4 c6 4. Qa4 d4 5. b4 Bg7 6. Bb2 e5 7. d3 Ne7 8. Nbd2 O-O 9. Bg2 Bf5 10. Ng5 Nd7 11. Nb3 Qc7 12. O-O Nf6 13. Nf3 Rfe8 14. Rfc1 Nd7 15. Nfd2 Bg4 16. Re1 Nc8 17. c5 Be6 18. b5 Ne7 19. Rac1 Bd5 20. Ne4 Nf5 21. Ba3 Bf8 22. Na5 Reb8 23. Rc2 Be7 24. Rec1 a6 25. bxc6 bxc6 26. Nd6 Bxg2 27. Kxg2 Rb5 28. Nxf5 gxf5 29. Nb3 Nf6 30. Bb4 Qd7 31. Bd2 a5 1/2-1/2

[Event "AUT Bundesliga 2019-20"]
[Site "Linz"]
[Date "2019.10.10"]
[Round "1.3"]
[White "Kreisl, Robert"]
[Black "Kessler, Luca"]
[Result "1/2-1/2"]
[ECO "A40"]
[WhiteElo "2391"]
[BlackElo "2440"]
[Annotator "NA"]
[PlyCount "53"]
[EventDate "2019.10.10"]
[EventType "team-tourn"]
[EventCountry "AUT"]
[SourceTitle "playchess.com"]
[Source "ChessBase"]
[SourceQuality "1"]
[TimeControl "40/5400+30:1800+30"]

1. d4 g6 2. Nf3 Bg7 3. e4 d6 4. Be3 Nf6 5. Nc3 O-O 6. Qd2 a6 7. Bh6 b5 8. Bxg7 Kxg7 9. Bd3 Bb7 10. e5 Nd5 11. Ne4 Nc6 12. h4 h5 13. g4 hxg4 14. h5 gxf3 15. hxg6 Rh8 16. O-O-O Nxd4 17. gxf7 e6 18. exd6 Kxf7 19. Ng5+ Kf6 20. Ne4+ Kf7 21. Ng5+ Kf6 22. Nh7+ Ke5 23. Ng5 Kf6 24. Ne4+ Kf7 25. Ng5+ Kf6 26. Ne4+ Kf7 27. Ng5+ 1/2-1/2

[Event "AUT Bundesliga 2019-20"]
[Site "Linz"]
[Date "2019.10.10"]
[Round "1.3"]
[White "Miesbauer, Jan"]
[Black "Dobosz, Henryk"]
[Result "1-0"]
[ECO "D11"]
[WhiteElo "2390"]
[BlackElo "2409"]
[Annotator "NA"]
[PlyCount "69"]
[EventDate "2019.10.10"]
[EventType "team-tourn"]
[EventCountry "AUT"]
[SourceTitle "playchess.com"]
[Source "ChessBase"]
[SourceQuality "1"]
[TimeControl "40/5400+30:1800+30"]

1. d4 d5 2. c4 c6 3. Nf3 Nf6 4. Qc2 dxc4 5. Qxc4 Bg4 6. Nbd2 e6 7. g3 Nbd7 8. Bg2 Be7 9. O-O O-O 10. b3 Qa5 11. h3 Bh5 12. Bb2 Rac8 13. Rfd1 Rfd8 14. a3 b5 15. Qc3 Qc7 16. Rac1 Bg6 17. b4 a5 18. bxa5 Nd5 19. Qb3 Qxa5 20. Ne1 N7b6 21. e4 Nf6 22. Nd3 Na4 23. Nb4 c5 24. dxc5 Nxb2 25. Qxb2 Bxc5 26. Nb3 Rxd1+ 27. Rxd1 Qa8 28. Nxc5 Rxc5 29. e5 Nd5 30. Nxd5 exd5 31. Qb4 Qc6 32. Qd4 Rc1 33. Bxd5 Qc2 34. Bxf7+ Kf8 35. Qb4+ 1-0

[Event "AUT Bundesliga 2019-20"]
[Site "Linz"]
[Date "2019.10.10"]
[Round "1.4"]
[White "Hess, Max"]
[Black "Platzgummer, Fabian"]
[Result "1-0"]
[ECO "B52"]
[WhiteElo "2373"]
[BlackElo "2327"]
[Annotator "NA"]
[PlyCount "49"]
[EventDate "2019.10.10"]
[EventType "team-tourn"]
[EventCountry "AUT"]
[SourceTitle "playchess.com"]
[Source "ChessBase"]
[SourceQuality "1"]
[TimeControl "40/5400+30:1800+30"]

1. e4 c5 2. Nf3 d6 3. Bb5+ Bd7 4. Bxd7+ Qxd7 5. c4 Nf6 6. Nc3 g6 7. d4 cxd4 8. Nxd4 Bg7 9. h3 O-O 10. O-O Rc8 11. b3 Nc6 12. Be3 Qd8 13. Rc1 Qa5 14. Re1 a6 15. Qd3 Nb4 16. Qe2 b5 17. cxb5 Rxc3 18. Rxc3 Nxe4 19. Rcc1 Nxa2 20. Ra1 Nec3 21. Qf3 d5 22. Nc6 Qxb5 23. Nxe7+ Kf8 24. Nxd5 Rd8 25. Nc7 1-0

[Event "AUT Bundesliga 2019-20"]
[Site "Linz"]
[Date "2019.10.10"]
[Round "1.4"]
[White "Anistratov, Dmitriy"]
[Black "Buhmann, Rainer"]
[Result "0-1"]
[ECO "A08"]
[WhiteElo "2269"]
[BlackElo "2574"]
[Annotator "ChessBase"]
[PlyCount "94"]
[EventDate "2019.10.10"]
[EventType "team-tourn"]
[EventCountry "AUT"]
[SourceTitle "playchess.com"]
[Source "ChessBase"]
[SourceQuality "1"]
[TimeControl "40/5400+30:1800+30"]

1. Nf3 Nf6 2. g3 e6 3. Bg2 d5 4. O-O Be7 5. d3 O-O 6. Nbd2 c5 7. e4 Nc6 8. Re1 Qc7 9. exd5 exd5 10. d4 Bg4 11. dxc5 Bxc5 12. Nb3 Bb6 13. Be3 Rfe8 14. Qd2 Bxf3 15. Bxb6 Rxe1+ 16. Rxe1 axb6 17. Bxf3 Rxa2 18. Bxd5 h6 19. c4 Qd7 20. Rd1 Qe7 21. Re1 Qb4 22. Qxb4 Nxb4 23. Bxb7 Rxb2 24. Nd4 Nd3 25. Re2 Rxe2 26. Nxe2 Kf8 27. Nc3 Ke7 28. Na4 Kd6 29. Bg2 Nd7 30. f4 N3c5 31. Nc3 Nf6 32. h3 Nd3 33. Na4 Kc7 34. Bf3 Ne8 35. Bd5 Nd6 36. Kg2 Nb4 37. Kf3 b5 38. Nb2 Kb6 39. f5 Nxd5 40. cxd5 Kc5 41. g4 Kxd5 42. h4 Kd4 43. Kf4 b4 44. g5 h5 45. Na4 Nc4 46. f6 g6 47. Kf3 b3 0-1

[Event "AUT Bundesliga 2019-20"]
[Site "Linz"]
[Date "2019.10.10"]
[Round "1.4"]
[White "Miazhynski, Yuri"]
[Black "Mesaros, Florian"]
[Result "0-1"]
[ECO "B20"]
[WhiteElo "2196"]
[BlackElo "2405"]
[Annotator "NA"]
[PlyCount "68"]
[EventDate "2019.10.10"]
[EventType "team-tourn"]
[EventCountry "AUT"]
[SourceTitle "playchess.com"]
[Source "ChessBase"]
[SourceQuality "1"]
[TimeControl "40/5400+30:1800+30"]

1. e4 c5 2. Ne2 d6 3. g3 Nf6 4. Bg2 g6 5. c3 Bg7 6. O-O O-O 7. d4 Nbd7 8. h3 Rb8 9. Be3 b6 10. Nd2 Bb7 11. d5 b5 12. b3 e6 13. c4 bxc4 14. Nxc4 exd5 15. exd5 Nb6 16. Nxb6 axb6 17. Rc1 Qd7 18. Nc3 b5 19. Qd2 b4 20. Na4 Ba6 21. Rfd1 Rfe8 22. Qc2 Bb5 23. Nb2 Ra8 24. Nc4 Bxc4 25. bxc4 Ra6 26. Qd2 Ne4 27. Bxe4 Rxe4 28. Kg2 Ra3 29. Rc2 Qf5 30. Rb1 Rxc4 31. Rxc4 Qxb1 32. Rc2 Rc3 33. Rb2 Qe4+ 34. Kh2 Rd3 0-1

[Event "AUT Bundesliga 2019-20"]
[Site "Linz"]
[Date "2019.10.10"]
[Round "1.5"]
[White "Maiwald, Jens-Uwe"]
[Black "Ciolek, Andreas"]
[Result "1-0"]
[ECO "A48"]
[WhiteElo "2439"]
[BlackElo "2238"]
[Annotator "NA"]
[PlyCount "47"]
[EventDate "2019.10.10"]
[EventType "team-tourn"]
[EventCountry "AUT"]
[SourceTitle "playchess.com"]
[Source "ChessBase"]
[SourceQuality "1"]
[TimeControl "40/5400+30:1800+30"]

1. Nf3 Nf6 2. d4 g6 3. c3 Bg7 4. Bg5 d6 5. Nbd2 O-O 6. e4 h6 7. Bh4 g5 8. Bg3 Nh5 9. Nc4 e6 10. Nfd2 Nxg3 11. hxg3 c5 12. dxc5 dxc5 13. Ne3 f5 14. Bc4 Kh8 15. Qh5 Bd7 16. Nf3 b5 17. Bb3 c4 18. Bc2 Kg8 19. exf5 exf5 20. O-O-O b4 21. Nxf5 Rxf5 22. Bxf5 bxc3 23. Be6+ Kh8 24. Qg6 1-0

[Event "AUT Bundesliga 2019-20"]
[Site "Linz"]
[Date "2019.10.10"]
[Round "1.5"]
[White "Poetz, Florian"]
[Black "Lampl, Gerald"]
[Result "0-1"]
[ECO "B12"]
[WhiteElo "2418"]
[BlackElo "2084"]
[Annotator "NA"]
[PlyCount "64"]
[EventDate "2019.10.10"]
[EventType "team-tourn"]
[EventCountry "AUT"]
[SourceTitle "playchess.com"]
[Source "ChessBase"]
[SourceQuality "1"]
[TimeControl "40/5400+30:1800+30"]

1. e4 c6 2. d4 d5 3. e5 c5 4. dxc5 Nc6 5. Bf4 e6 6. Nf3 Bxc5 7. Bd3 Qb6 8. O-O Qxb2 9. Nbd2 Qa3 10. Nb3 Bb6 11. Qe2 a6 12. c4 Nge7 13. Rac1 Nb4 14. Bb1 Bd7 15. Nfd4 Ng6 16. Bg3 dxc4 17. Rxc4 O-O 18. h4 Bb5 19. Nxb5 axb5 20. Rc3 Nxa2 21. Rf3 b4 22. Bxg6 hxg6 23. Ra1 Rfc8 24. Bf4 Rc3 25. Rxc3 bxc3 26. Qb5 Qa6 27. Qd7 Bxf2+ 28. Kxf2 Qb6+ 29. Be3 Qxb3 30. Rf1 c2 31. Qc7 Nb4 32. Re1 Nd3+ 0-1

[Event "AUT Bundesliga 2019-20"]
[Site "Linz"]
[Date "2019.10.10"]
[Round "1.5"]
[White "Halvax, Georg"]
[Black "Gretz, Denis"]
[Result "0-1"]
[ECO "A80"]
[WhiteElo "2414"]
[BlackElo "2329"]
[Annotator "NA"]
[PlyCount "80"]
[EventDate "2019.10.10"]
[EventType "team-tourn"]
[EventCountry "AUT"]
[SourceTitle "playchess.com"]
[Source "ChessBase"]
[SourceQuality "1"]
[TimeControl "40/5400+30:1800+30"]

1. d4 f5 2. Bf4 Nf6 3. e3 d6 4. Nd2 g6 5. h4 h6 6. Qf3 Nc6 7. Qg3 Rg8 8. Be2 e6 9. f3 Nh5 10. Qf2 Nxf4 11. exf4 Qf6 12. Nb3 Bd7 13. Bc4 O-O-O 14. O-O-O g5 15. hxg5 hxg5 16. d5 exd5 17. Bxd5 Rg6 18. fxg5 Qxg5+ 19. f4 Qg3 20. Qd2 Rh6 21. Ne2 Qf2 22. Rhf1 Qb6 23. Nc3 Bg7 24. a3 Ne7 25. Bf3 Bc6 26. Rde1 Bf6 27. Nd5 Bxd5 28. Bxd5 Qb5 29. Be6+ Kb8 30. Rf3 d5 31. g4 fxg4 32. Bxg4 Nc6 33. Rd3 a5 34. Be2 Qb6 35. a4 Rh2 36. Rxd5 Rxd5 37. Qxd5 Bh4 38. Nc5 Ka7 39. Rh1 Nb4 40. Nd7 Nxd5 0-1

[Event "AUT Bundesliga 2019-20"]
[Site "Linz"]
[Date "2019.10.10"]
[Round "1.6"]
[White "Dittel, Herbert"]
[Black "Freitag, Manfred"]
[Result "0-1"]
[ECO "D85"]
[WhiteElo "2023"]
[BlackElo "2361"]
[Annotator "NA"]
[PlyCount "142"]
[EventDate "2019.10.10"]
[EventType "team-tourn"]
[EventCountry "AUT"]
[SourceTitle "playchess.com"]
[Source "ChessBase"]
[SourceQuality "1"]
[TimeControl "40/5400+30:1800+30"]

1. d4 Nf6 2. Nf3 g6 3. c4 Bg7 4. Nc3 d5 5. cxd5 Nxd5 6. e4 Nxc3 7. bxc3 c5 8. Be3 Qa5 9. Qd2 O-O 10. Rc1 Nd7 11. Bd3 b6 12. d5 Ba6 13. c4 Qxd2+ 14. Bxd2 e6 15. O-O Rfe8 16. Rfe1 Rad8 17. Bf1 exd5 18. exd5 Nf6 19. Bg5 h6 20. Bxf6 Bxf6 21. Rxe8+ Rxe8 22. Re1 Kf8 23. Rxe8+ Kxe8 24. Bd3 Bc3 25. Kf1 Ke7 26. Ke2 Kd6 27. a4 Bc8 28. h3 Bd7 29. Bc2 a6 30. Kd3 Ba5 31. Ke3 b5 32. axb5 axb5 33. Bd3 bxc4 34. Bxc4 g5 35. g4 f5 36. Nh2 Bc3 37. gxf5 Bxf5 38. Ng4 Bg7 39. f4 h5 40. Nh2 Bh6 41. fxg5 Bxg5+ 42. Kf2 Bxh3 43. Kg3 Bf5 44. Nf3 Be3 45. Nh2 Ke5 46. Kh4 Bg6 47. Nf3+ Kf4 48. Nh2 Bd4 49. Nf1 Bf2+ 50. Kh3 Bf5+ 51. Kg2 Be1 52. Kh2 h4 53. Bb5 Kf3 54. Kg1 Bc3 55. d6 Bd4+ 56. Kh1 Bf6 57. d7 Ke4 58. Nd2+ Kd4 59. Nb3+ Kd5 60. Na5 Be4+ 61. Kh2 Kd6 62. Nb3 Bd8 63. Nxc5 Kxc5 64. Bf1 Kd4 65. Bg2 Bd3 66. Kh1 Ke3 67. Ba8 Bc7 68. Bb7 Kf2 69. Bc6 Bf1 70. d8=Q Bxd8 71. Bd7 Bg2+ 0-1

[Event "AUT Bundesliga 2019-20"]
[Site "Linz"]
[Date "2019.10.10"]
[Round "1.6"]
[White "Amann, Harald"]
[Black "Hausner, Ivan"]
[Result "0-1"]
[ECO "E67"]
[WhiteElo "1940"]
[BlackElo "2382"]
[Annotator "NA"]
[PlyCount "84"]
[EventDate "2019.10.10"]
[EventType "team-tourn"]
[EventCountry "AUT"]
[SourceTitle "playchess.com"]
[Source "ChessBase"]
[SourceQuality "1"]
[TimeControl "40/5400+30:1800+30"]

1. d4 Nf6 2. Nf3 d6 3. g3 g6 4. Bg2 Bg7 5. O-O O-O 6. c4 Nbd7 7. Nc3 e5 8. d5 a5 9. e4 Nc5 10. Nh4 c6 11. h3 cxd5 12. cxd5 b6 13. Re1 Ba6 14. Bf1 Bxf1 15. Kxf1 Qd7 16. g4 b5 17. f3 b4 18. Ne2 Qb5 19. Bg5 Nd3 20. Qd2 Nxe1 21. Rxe1 Rfc8 22. Bh6 Ne8 23. Bxg7 Nxg7 24. Ng2 Qd7 25. Ng3 Rc7 26. Ne3 Qe7 27. b3 Qg5 28. Qe2 Rc3 29. Nc4 Qd8 30. Kg2 Rc8 31. Nf1 a4 32. Qb2 f5 33. exf5 gxf5 34. Qb1 Qf6 35. Nfd2 e4 36. fxe4 fxg4 37. e5 Qh4 38. Ne4 Qxh3+ 39. Kg1 axb3 40. Ncxd6 Rg3+ 41. Nxg3 Qxg3+ 42. Kh1 Rc2 0-1

[Event "AUT Bundesliga 2019-20"]
[Site "Linz"]
[Date "2019.10.10"]
[Round "1.7"]
[White "Lenic, Luka"]
[Black "Dragnev, Valentin"]
[Result "0-1"]
[ECO "D41"]
[WhiteElo "2644"]
[BlackElo "2550"]
[Annotator "ChessBase"]
[PlyCount "78"]
[EventDate "2019.10.10"]
[EventType "team-tourn"]
[EventCountry "AUT"]
[SourceTitle "playchess.com"]
[Source "ChessBase"]
[SourceQuality "1"]
[TimeControl "40/5400+30:1800+30"]

1. d4 Nf6 2. c4 e6 3. Nf3 d5 4. Nc3 c5 5. cxd5 Nxd5 6. e4 Nxc3 7. bxc3 cxd4 8. cxd4 Bb4+ 9. Bd2 Bxd2+ 10. Qxd2 O-O 11. Bc4 Nd7 12. O-O b6 13. Rfe1 Bb7 14. Rad1 Rc8 15. Bb3 Re8 16. h3 Nf6 17. Qf4 Nh5 18. Qh2 h6 19. h4 b5 20. Ne5 Nf6 21. Qf4 a5 22. Rd3 Re7 23. Bd1 Rec7 24. Bf3 b4 25. g4 Nh7 26. d5 Qf6 27. Qg3 exd5 28. exd5 Rc1 29. Rxc1 Rxc1+ 30. Kg2 Rc3 31. Be4 Rxd3 32. Nxd3 Qd8 33. Qe5 Nf6 34. Nf4 Nxg4 35. Ne6 fxe6 36. Qxe6+ Kh8 37. Qxg4 Bxd5 38. Qf5 Bg8 39. Bc2 Qd5+ 0-1

[Event "AUT Bundesliga 2019-20"]
[Site "Linz"]
[Date "2019.10.10"]
[Round "1.7"]
[White "Schneider, Ilja"]
[Black "Menezes, Christoph"]
[Result "1-0"]
[ECO "A46"]
[WhiteElo "2494"]
[BlackElo "2423"]
[Annotator "ChessBase"]
[PlyCount "87"]
[EventDate "2019.10.10"]
[EventType "team-tourn"]
[EventCountry "AUT"]
[SourceTitle "playchess.com"]
[Source "ChessBase"]
[SourceQuality "1"]
[TimeControl "40/5400+30:1800+30"]

1. d4 Nf6 2. Nf3 d5 3. c4 e6 4. e3 a6 5. a3 dxc4 6. Bxc4 b5 7. Be2 Bb7 8. O-O c5 9. dxc5 Qxd1 10. Rxd1 Bxc5 11. Nbd2 Nbd7 12. Nb3 Be7 13. Bd2 O-O 14. Na5 Bd5 15. Nd4 Rfc8 16. Rac1 Bc5 17. Ndb3 Bb6 18. Kf1 Ne4 19. Bb4 f5 20. Nd4 Rxc1 21. Rxc1 f4 22. Nac6 fxe3 23. Ne7+ Kf7 24. Nxd5 Bxd4 25. Nxe3 Bxb2 26. Rc7 Nef6 27. Bf3 Rd8 28. Ra7 Bd4 29. Rxa6 Ne5 30. Be2 Bxe3 31. fxe3 Nd5 32. Bc5 Nd7 33. Ra7 Kg8 34. Bd4 e5 35. Bf3 N5f6 36. Bc3 Rc8 37. Ra8 Rxa8 38. Bxa8 Ng4 39. Bc6 Nc5 40. Ke2 Nxh2 41. Bxe5 Ng4 42. Bd6 Na4 43. Kf3 Nf6 44. Bxb5 1-0

[Event "AUT Bundesliga 2019-20"]
[Site "Linz"]
[Date "2019.10.10"]
[Round "1.8"]
[White "Banusz, Tamas"]
[Black "Skoberne, Jure"]
[Result "1-0"]
[ECO "E62"]
[WhiteElo "2619"]
[BlackElo "2567"]
[Annotator "ChessBase"]
[PlyCount "79"]
[EventDate "2019.10.10"]
[EventType "team-tourn"]
[EventCountry "AUT"]
[SourceTitle "playchess.com"]
[Source "ChessBase"]
[SourceQuality "1"]
[TimeControl "40/5400+30:1800+30"]

1. d4 Nf6 2. Nf3 g6 3. g3 Bg7 4. Bg2 O-O 5. c4 d6 6. Nc3 Nc6 7. O-O Bg4 8. d5 Na5 9. Nd2 c5 10. h3 Bd7 11. Qc2 e6 12. b3 exd5 13. cxd5 b5 14. Bb2 Re8 15. Rfe1 Rc8 16. Nce4 Bf5 17. Nxf6+ Bxf6 18. e4 Bd7 19. Rac1 c4 20. Bxf6 Qxf6 21. b4 Nb7 22. Nb1 a5 23. a3 axb4 24. axb4 Ra8 25. Nc3 Ra3 26. Qd2 Rb3 27. f4 Rxb4 28. e5 dxe5 29. d6 e4 30. Rxe4 Rxe4 31. Nxe4 Qb2 32. Rc2 Qa1+ 33. Kh2 Ra4 34. Rc3 Ra2 35. Nf6+ Kg7 36. Qd4 Rxg2+ 37. Kxg2 Bxh3+ 38. Kh2 Kh6 39. Ng8+ Kh5 40. g4+ 1-0

[Event "AUT Bundesliga 2019-20"]
[Site "Linz"]
[Date "2019.10.10"]
[Round "1.8"]
[White "Brkic, Ante"]
[Black "Svane, Rasmus"]
[Result "1/2-1/2"]
[ECO "C67"]
[WhiteElo "2600"]
[BlackElo "2592"]
[Annotator "ChessBase"]
[PlyCount "129"]
[EventDate "2019.10.10"]
[EventType "team-tourn"]
[EventCountry "AUT"]
[SourceTitle "playchess.com"]
[Source "ChessBase"]
[SourceQuality "1"]
[TimeControl "40/5400+30:1800+30"]

1. e4 e5 2. Nf3 Nc6 3. Bb5 Nf6 4. O-O Nxe4 5. d4 Nd6 6. Bxc6 dxc6 7. dxe5 Nf5 8. Qxd8+ Kxd8 9. Nc3 Be7 10. h3 Nh4 11. Nd4 Nf5 12. Nf3 Nh4 13. Nd4 Nf5 14. Nde2 b6 15. Bf4 g5 16. Rad1+ Ke8 17. Bc1 h5 18. Ne4 Rg8 19. f3 Ba6 20. Rfe1 Rd8 21. Rxd8+ Bxd8 22. g4 Bxe2 23. Rxe2 Nd4 24. Rf2 hxg4 25. fxg4 Ne6 26. Be3 Kf8 27. Rf5 Ng7 28. Rf1 Ne6 29. Nf6 Rh8 30. Kg2 Kg7 31. Ne4 Kg6 32. Rd1 Be7 33. Rd7 Bf8 34. Nf2 Bg7 35. Nd3 Rc8 36. b4 Nf8 37. Rd4 Re8 38. Kf3 Bxe5 39. Nxe5+ Rxe5 40. Rd8 Ne6 41. Ra8 f5 42. Rxa7 Re4 43. c3 Rc4 44. Bd2 c5 45. b5 Re4 46. a4 Re5 47. a5 bxa5 48. Rxa5 f4 49. Ra6 Kf7 50. Ra2 c4 51. h4 gxh4 52. Bxf4 Rxb5 53. Rh2 Rb3 54. Be3 Rxc3 55. Rxh4 Rb3 56. Ke2 Rb2+ 57. Kd1 Rb3 58. Ke2 c5 59. g5 Rb4 60. Re4 c3 61. Rxb4 cxb4 62. Kd3 Nc7 63. Bc5 Nd5 64. Bxb4 Nxb4+ 65. Kxc3 1/2-1/2

[Event "AUT Bundesliga 2019-20"]
[Site "Linz"]
[Date "2019.10.10"]
[Round "1.8"]
[White "Weiss, Christian"]
[Black "Bezold, Michael"]
[Result "1/2-1/2"]
[ECO "C41"]
[WhiteElo "2376"]
[BlackElo "2487"]
[Annotator "ChessBase"]
[PlyCount "60"]
[EventDate "2019.10.10"]
[EventType "team-tourn"]
[EventCountry "AUT"]
[SourceTitle "playchess.com"]
[Source "ChessBase"]
[SourceQuality "1"]
[TimeControl "40/5400+30:1800+30"]

1. d4 d6 2. e4 Nf6 3. Nc3 e5 4. Nf3 Nbd7 5. Bc4 Be7 6. O-O O-O 7. Re1 a6 8. a4 b6 9. b3 Bb7 10. Bb2 c6 11. Bf1 Re8 12. d5 cxd5 13. Nxd5 Nc5 14. Nxf6+ Bxf6 15. Nd2 Qc7 16. b4 Ne6 17. a5 Rad8 18. c4 Nd4 19. Nb3 Nxb3 20. Qxb3 bxa5 21. Rxa5 Rb8 22. Qe3 h6 23. Bc3 Bg5 24. Qd3 Bd8 25. Ra2 Qe7 26. Rd2 Bc7 27. Qe3 Bc8 28. Ra1 Bb6 29. Qf3 Bb7 30. Bd3 Qc7 1/2-1/2

[Event "AUT Bundesliga 2019-20"]
[Site "Linz"]
[Date "2019.10.10"]
[Round "1.9"]
[White "Wagner, Dennis"]
[Black "Saric, Ante"]
[Result "1-0"]
[ECO "A30"]
[WhiteElo "2565"]
[BlackElo "2557"]
[Annotator "ChessBase"]
[PlyCount "83"]
[EventDate "2019.10.10"]
[EventType "team-tourn"]
[EventCountry "AUT"]
[SourceTitle "playchess.com"]
[Source "ChessBase"]
[SourceQuality "1"]
[TimeControl "40/5400+30:1800+30"]

1. c4 c5 2. Nf3 g6 3. e4 Nc6 4. d4 cxd4 5. Nxd4 Nf6 6. Nc3 d6 7. Be2 Nxd4 8. Qxd4 Bg7 9. Be3 O-O 10. Qd2 Be6 11. Rc1 Qa5 12. f3 Rfc8 13. b3 a6 14. Na4 Qxd2+ 15. Kxd2 Nd7 16. g4 f5 17. gxf5 gxf5 18. Nc3 fxe4 19. fxe4 Ne5 20. Rhg1 Kh8 21. Nd5 Bxd5 22. exd5 Rf8 23. Rcf1 b5 24. Rxf8+ Rxf8 25. cxb5 axb5 26. a4 bxa4 27. bxa4 Ra8 28. Rb1 Kg8 29. Bb5 Kf7 30. Rc1 Ng4 31. Rf1+ Bf6 32. Bb6 Nxh2 33. Rf4 e5 34. dxe6+ Kxe6 35. Kd3 Bg5 36. Re4+ Kf6 37. a5 Nf3 38. Re8 Ne5+ 39. Kc3 Rxe8 40. Bxe8 Ke7 41. a6 Bf6 42. Kb3 1-0